 Dungeon Crawl Stone Soup version 0.21.1-1-g345015f (webtiles) character file.

55539 kae the Black Belt (level 14, -5/116 HPs)
             Began as a Demonspawn Monk on Apr 23, 2018.
             Was a High Priest of Wu Jian.
             Slain by a two-headed ogre
             ... wielding a +0 giant club
              (20 damage)
             ... while paralysed by an ogre mage
             ... on level 2 of the Orcish Mines.
             The game lasted 00:38:25 (22439 turns).

kae the Black Belt (Demonspawn Monk)               Turns: 22439, Time: 00:38:26

Health: -5/116     AC: 16    Str: 14    XL:     14   Next: 38%
Magic:  14/14      EV:  2    Int:  9    God:    Wu Jian [*****.]
Gold:   1332       SH:  0    Dex: 32    Spells: 13/13 levels left

rFire    . . .     SeeInvis .     - Unarmed
rCold    . . .     Gourm    .   (no shield)
rNeg     . . .     Faith    .   K - +4 ring mail "Xagaf" {rPois rCorr Int-4 Dex+4}
rPois    +         Spirit   .   E - +0 hat of the Desolation of Salt {+Inv rElec}
rElec    +         Reflect  .   (no cloak)
rCorr    +         Harm     .   (no gloves)
MR       +....                  (boots unavailable)
Stlth    +++.......             n - amulet of regeneration
HPRegen  0.69/turn              w - +5 ring of protection
MPRegen  0.14/turn              S - +3 ring of strength

@: paralysed, drained
A: hooves 3, thin skeletal structure 3, agile 1, blink, spiny 1, subdued magic 1
a: Blink, Wall Jump, Serpent's Lash, Heavenly Storm, Renounce Religion, Evoke
Invisibility


You were on level 2 of the Orcish Mines.
You worshipped Wu Jian.
Wu Jian was extremely pleased with you.
You were hungry.

You visited 3 branches of the dungeon, and saw 20 of its levels.
You also visited: Labyrinth.

You collected 1736 gold pieces.
You spent 404 gold pieces at shops.

Inventory:

Armour
 E - the +0 hat of the Desolation of Salt (worn) {+Inv rElec}
   (You bought it in a shop on level 8 of the Dungeon)

   It insulates you from electricity.
   It lets you turn invisible.
 F - a +2 helmet of intelligence
 K - the +4 ring mail "Xagaf" (worn) {rPois rCorr Int-4 Dex+4}
   (You found it on level 1 of the Lair of Beasts)

   It affects your intelligence (-4).
   It affects your dexterity (+4).
   It protects you from poison.
   It protects you from acid and corrosion.
Jewellery
 h - an uncursed ring of protection from cold
 l - an uncursed ring of see invisible
 n - an amulet of regeneration (around neck)
 o - an uncursed amulet of guardian spirit
 w - a +5 ring of protection (left hand)
 A - an uncursed ring of wizardry
 C - an uncursed ring of protection from cold
 P - an uncursed ring of protection from fire
 R - an uncursed ring of magical power {unknown}
 S - a +3 ring of strength (right hand)
Wands
 k - a wand of acid (20)
 t - a wand of polymorph (19)
 D - a wand of scattershot (1)
 G - a wand of random effects (32)
 O - a wand of paralysis (31)
 Q - a wand of disintegration (9)
Scrolls
 e - 3 scrolls of identify
 p - 3 scrolls of fog
 r - 6 scrolls of remove curse
 u - 7 scrolls of fear
 x - 12 scrolls of teleportation
 B - 4 scrolls of magic mapping
 H - 2 scrolls of enchant armour
 I - a scroll of blinking
 L - 4 scrolls of enchant weapon
 N - 2 scrolls of amnesia
Potions
 c - 3 potions of magic
 f - 3 potions of haste
 g - 5 potions of might
 j - 6 potions of flight
 m - 4 potions of brilliance
 q - 12 potions of curing
 s - 7 potions of agility
 v - a potion of cancellation
 z - a potion of berserk rage
 T - 2 potions of resistance
Books
 a - a book of Air

   Spells                             Type                      Level
   a - Shock                          Conjuration/Air              1
   b - Swiftness                      Charms/Air                   2
   c - Static Discharge               Conjuration/Air              3
   d - Airstrike                      Air                          4
   e - Lightning Bolt                 Conjuration/Air              5
 i - a book of Transfigurations

   Spells                             Type                      Level
   a - Irradiate                      Conjuration/Transmutation    5
   b - Statue Form                    Transmutation/Earth          6
   c - Hydra Form                     Transmutation                6
   d - Dragon Form                    Transmutation                7
 y - a book of Changes

   Spells                             Type                      Level
   a - Beastly Appendage              Transmutation                1
   b - Sticks to Snakes               Transmutation                2
   c - Spider Form                    Transmutation/Poison         3
   d - Ice Form                       Ice/Transmutation            4
   e - Blade Hands                    Transmutation                5
 J - a book of Necromancy

   Spells                             Type                      Level
   a - Pain                           Necromancy                   1
   b - Animate Skeleton               Necromancy                   1
   c - Vampiric Draining              Necromancy                   3
   d - Regeneration                   Charms/Necromancy            3
   e - Animate Dead                   Necromancy                   4
   f - Borgnjor's Vile Clutch         Necromancy/Earth             5
 M - a book of Power

   Spells                             Type                      Level
   a - Iskenderun's Battlesphere      Conjuration/Charms           5
   b - Venom Bolt                     Conjuration/Poison           5
   c - Bolt of Magma                  Conjuration/Fire/Earth       5
   d - Iron Shot                      Conjuration/Earth            6
   e - Orb of Destruction             Conjuration                  7
   f - Spellforged Servitor           Conjuration/Summoning        7
Comestibles
 b - 31 rations


   Skills:
 + Level 12.7(12.6) Fighting
 + Level 10.5(10.4) Armour
 + Level 7.3 Dodging
 - Level 1.7 Stealth
 * Level 15.7 Unarmed Combat


You had 13 spell levels left.
You didn't know any spells.

Dungeon Overview and Level Annotations

Branches:
Dungeon (12/15)            Temple (0/1) D:7            Lair (6/6) D:10
 Shoals (0/4) Lair:3       Spider (0/4) Lair:3        Slime (0/5) Lair:6
    Orc (2/2) D:12
    Elf: Orc:2

Altars:
Ashenzari
Cheibriados
Dithmenos
Elyvilon
Kikubaaqudgha
Makhleb
Nemelex Xobeh
Okawaru
Trog
Uskayaw
Wu Jian
Zin
Beogh
Jiyva

Shops:
D:5 (   D:8 }![?   Orc:1 :   Orc:2 =

Annotations:
Lair:1 2 transporters


Innate Abilities, Weirdness & Mutations

You have hooves in place of feet.
You have an unnaturally thin skeletal structure. (Dex +6, Stealth++)
You are partially covered in sharp spines.
You are agile. (Dex +2)
You can translocate small distances at will.
Your spells are a little easier to cast, but a little less powerful.


Message History

The two-headed ogre hits you with a giant club.
The troll bites you but does no damage. The troll barely misses you.
The troll claws you but does no damage.
The ogre mage hits you from afar with a halberd.
The two-headed ogre is struck by your spines.
The two-headed ogre hits you with a giant club.
The two-headed ogre hits you but does no damage.
The ogre mage hits you from afar with a halberd!
* * * LOW HITPOINT WARNING * * *
The troll bites you but does no damage. The troll claws you.
* * * LOW HITPOINT WARNING * * *
The troll claws you but does no damage.
The two-headed ogre hits you with a giant club!
* * * LOW HITPOINT WARNING * * *
The two-headed ogre hits you but does no damage.
The ogre mage hits you but does no damage.
The ogre is struck by your spines. The ogre hits you but does no damage.
The troll bites you but does no damage.
The troll claws you but does no damage. x2
The two-headed ogre hits you with a giant club!!
You die...

..................#.
............#.........
......................
....C.......#.........
O.OOO#...#..........#
... ##.##..........##
O ####..OC...#...# ...
##..OOO..# .....
###T@..#####......
#.[).##.........
##....##.......
###.#.#.....##
##.........# ###
##........##.#.
##............
##...........
##..........


You could see 2 two-headed ogres, an ogre mage, a cyclops, a troll and an ogre.

Vanquished Creatures
  Rupert (Lair:6)
  4 dire elephants (Lair:6)
  Snorg (D:12)
  Josephine (D:12)
  A minotaur (Lab)
  6 hydras
  Erica (D:11)
  An anaconda (Lair:6)
  2 two-headed ogres
  A catoblepas (Lair:4)
  A death yak (D:10)
  Urug (D:11)
  Nergalle (Lair:4)
  Sonja (D:12)
  A necromancer (D:10)
  5 oklob plants
  2 orc knights (Orc:1)
  The ghost of Frank the Sneak, a novice OpFi (D:6)
  4 black mambas
  7 elephants
  A cyclops (D:12)
  2 torpor snails
  The ghost of Galewin the Cleaver, a novice MiBe of Trog (D:4)
  Psyche (D:10)
  7 spiny frogs
  A centaur skeleton (D:10)
  2 rime drakes
  10 komodo dragons
  2 kobold demonologists (D:12)
  A merfolk (Lair:3)
  3 trolls
  A polar bear (Lair:2)
  4 dream sheep (Lair:3)
  8 hippogriffs
  8 blink frogs
  2 spriggans
  3 shadows
  3 wyverns
  29 yaks
  5 wraiths (D:12)
  Eustachio (D:5)
  Grum (D:11)
  4 basilisks
  A steam dragon (Lair:4)
  3 wargs
  3 hungry ghosts
  9 water moccasins
  5 porcupines
  A black bear (Lair:2)
  2 ice beasts
  3 sky beasts
  A hornet zombie (D:8)
  9 orc warriors
  8 ogres
  16 wolves
  7 centaurs
  12 crocodiles
  A big kobold (D:10)
  12 bullfrogs
  A gnoll sergeant (D:10)
  2 wyvern zombies
  2 scorpions
  5 killer bees (D:12)
  4 wights (D:8)
  2 vampire bats (Orc:1)
  2 howler monkeys (D:12)
  7 electric eels
  5 jellies
  7 crimson imps
  2 bullfrog zombies
  2 centaur zombies
  10 hounds
  A lava snake (Lair:6)
  A quasit (D:11)
  A bullfrog skeleton (D:10)
  14 orc priests
  An iguana (D:5)
  12 worker ants
  18 orc wizards
  3 yak simulacra (D:10)
  3 polar bear simulacra (D:10)
  A hound skeleton (D:7)
  A howler monkey zombie (D:7)
  2 worker ant zombies
  11 adders
  3 gnolls
  4 shadow imps
  An ooze (D:4)
  An adder skeleton (D:4)
  2 worms
  2 leopard geckos
  64 orcs
  A ball python (D:3)
  15 bats
  A giant cockroach (D:3)
  16 goblins
  4 hobgoblins
  3 jackals (D:7)
  11 kobolds
  4 quokkas
  7 frilled lizards
  A jackal skeleton (D:6)
  6 rats
  5 river rat simulacra (D:10)
  A fire vortex (Lair:6)
  A fungus (Lair:5)
  3 plants (Lair:6)
512 creatures vanquished.

Vanquished Creatures (others)
  An orc (D:12)
  A fungus (Lair:1)
  10 plants
12 creatures vanquished.

Grand Total: 524 creatures vanquished

Notes
Turn   | Place    | Note
-------+----------+-------------------------------------------
     0 | D:1      | kae the Demonspawn Monk began the quest for the Orb.
     0 | D:1      | Reached XP level 1. HP: 18/18 MP: 1/1
   187 | D:1      | Reached skill level 3 in Unarmed Combat
   253 | D:1      | Gained mutation: You are partially covered in sharp spines. [demonic ancestry]
   253 | D:1      | Reached XP level 2. HP: 22/24 MP: 2/2
   733 | D:2      | Gained mutation: You have large cloven feet. [demonic ancestry]
   733 | D:2      | Reached XP level 3. HP: 25/29 MP: 3/3
   855 | D:2      | Found an ornate altar of the Wu Jian Council.
   865 | D:2      | Became a worshipper of the Wu Jian Council
   865 | D:2      | Reached * piety under Wu Jian
   865 | D:2      | Reached ** piety under Wu Jian
  1214 | D:2      | Reached skill level 4 in Unarmed Combat
  1219 | D:2      | Gained mutation: You have hoof-like feet. [demonic ancestry]
  1219 | D:2      | Reached XP level 4. HP: 37/37 MP: 4/4
  1262 | D:2      | Found a shattered altar of Ashenzari.
  1836 | D:3      | Found a hide-covered altar of Uskayaw.
  1838 | D:3      | Found a snail-covered altar of Cheibriados.
  1839 | D:3      | Found a burning altar of Makhleb.
  1874 | D:3      | Found a sparkling altar of Nemelex Xobeh.
  2432 | D:4      | Reached *** piety under Wu Jian
  2435 | D:4      | Reached XP level 5. HP: 32/42 MP: 5/5
  2442 | D:4      | Noticed an ogre
  2551 | D:4      | Noticed Galewin's ghost (novice MiBe)
  2805 | D:4      | Killed Galewin's ghost
  2805 | D:4      | Reached skill level 5 in Fighting
  2805 | D:4      | Reached skill level 6 in Unarmed Combat
  2805 | D:4      | Reached XP level 6. HP: 37/51 MP: 6/6
  3056 | D:4      | Reached XP level 7. HP: 34/56 MP: 7/7
  3561 | D:5      | Entered Level 5 of the Dungeon
  3572 | D:5      | Found Poupigab's Antique Weapon Emporium.
  4197 | D:5      | Noticed Eustachio
  4210 | D:5      | Reached skill level 7 in Unarmed Combat
  4214 | D:5      | Killed Eustachio
  4214 | D:5      | Gained mutation: You have a somewhat thin skeletal structure. (Dex +2, Stealth) [demonic ancestry]
  4214 | D:5      | Reached XP level 8. HP: 45/64 MP: 8/8
  4573 | D:5      | Gained mutation: You can translocate small distances at will. [potion of mutation]
  4573 | D:5      | Gained mutation: Your spells are a little easier to cast, but a little less powerful. [potion of mutation]
  4573 | D:5      | Gained mutation: You are agile. (Dex +2) [potion of mutation]
  4701 | D:6      | Noticed Frank's ghost (novice OpFi)
  4707 | D:6      | Killed Frank's ghost
  4707 | D:6      | Reached skill level 8 in Unarmed Combat
  4723 | D:6      | Reached **** piety under Wu Jian
  4987 | D:6      | Found a bloodstained altar of Trog.
  5082 | D:6      | Reached XP level 9. HP: 16/72 MP: 9/9
  5148 | D:6      | Reached skill level 9 in Unarmed Combat
  6635 | D:7      | Reached skill level 10 in Unarmed Combat
  7190 | D:7      | Found a staircase to the Ecumenical Temple.
  7802 | D:8      | Found a shadowy altar of Dithmenos.
  7804 | D:8      | Found Puogguh's Magic Scroll Emporium.
  7812 | D:8      | Bought a scroll of identify for 28 gold pieces
  7812 | D:8      | Bought a scroll of identify for 28 gold pieces
  7814 | D:8      | Bought a scroll of magic mapping for 49 gold pieces
  7960 | D:8      | Found Fyimel's Gadget Shop.
  7961 | D:8      | Found Kuejeqee's Distillery.
  7967 | D:8      | Bought a potion of heal wounds for 55 gold pieces
  7967 | D:8      | Bought a potion of agility for 44 gold pieces
  7967 | D:8      | Bought a potion of degeneration for 11 gold pieces
  8105 | D:8      | Found Nopnue's Antique Armour Boutique.
  8108 | D:8      | Bought a spiked hat for 189 gold pieces
  8113 | D:8      | Identified the +0 hat of the Desolation of Salt {+Inv rElec} (You bought it in a shop on level 8 of the Dungeon)
  8202 | D:8      | Found an ancient bone altar of Kikubaaqudgha.
  8202 | D:8      | Found a glowing silver altar of Zin.
  8487 | D:9      | Reached XP level 10. HP: 62/80 MP: 10/10
  8785 | D:9      | Noticed a two-headed ogre
  8797 | D:9      | Killed a two-headed ogre
  8797 | D:9      | Reached skill level 5 in Armour
  9659 | D:10     | Entered Level 10 of the Dungeon
  9794 | D:10     | Reached skill level 11 in Unarmed Combat
  9830 | D:10     | Reached ***** piety under Wu Jian
  9957 | D:10     | Noticed a seven-headed hydra
  9978 | D:10     | Killed a seven-headed hydra
 10095 | D:10     | Gained mutation: You have a moderately thin skeletal structure. (Dex +4, Stealth+) [demonic ancestry]
 10095 | D:10     | Reached XP level 11. HP: 72/89 MP: 11/11
 10157 | D:10     | Noticed a death yak
 10158 | D:10     | Noticed a death yak
 10159 | D:10     | Noticed a death yak
 10159 | D:10     | Noticed a death yak
 10530 | D:10     | Noticed a death yak
 10563 | D:10     | Noticed a death yak
 10570 | D:10     | Noticed a death yak
 10725 | D:10     | Noticed Psyche
 10843 | D:11     | Noticed Erica
 10863 | D:11     | Killed Erica
 10863 | D:11     | Reached skill level 12 in Unarmed Combat
 11003 | D:11     | Got a pair of translucent boots
 11009 | D:11     | Identified the +2 pair of boots of Satisfaction {rCorr Str+3 Int+4} (You found it on level 11 of the Dungeon)
 11058 | D:11     | Noticed Urug
 11090 | D:11     | Noticed a two-headed ogre
 11090 | D:11     | Killed Urug
 11095 | D:11     | Killed a two-headed ogre
 11095 | D:11     | Reached skill level 10 in Fighting
 11297 | D:11     | Noticed Grum
 11306 | D:11     | Killed Grum
 11876 | D:10     | Noticed a necromancer
 11883 | D:10     | Killed a necromancer
 12098 | D:10     | Killed Psyche
 12127 | D:10     | Found a staircase to the Lair.
 12219 | D:10     | Killed a death yak
 12418 | Lair:1   | Entered Level 1 of the Lair of Beasts
 12427 | Lair:1   | Reached skill level 13 in Unarmed Combat
 12582 | Lair:1   | Got a transparent ring mail
 12586 | Lair:1   | Noticed an eight-headed hydra
 12593 | Lair:1   | Killed an eight-headed hydra
 12593 | Lair:1   | Reached XP level 12. HP: 72/99 MP: 12/12
 12643 | Lair:1   | Identified the +4 ring mail "Xagaf" {rPois rCorr Int-4 Dex+4} (You found it on level 1 of the Lair of Beasts)
 12800 | Lair:1   | Found a transporter.
 13216 | Lair:1   | Found a transporter.
 13456 | Lair:2   | Noticed a seven-headed hydra
 13462 | Lair:2   | Killed a seven-headed hydra
 14137 | Lair:3   | Found a hole to the Spider Nest.
 14183 | Lair:3   | Found a labyrinth entrance.
 14324 | Lab      | Entered a labyrinth
 15325 | Lab      | Noticed a minotaur
 15335 | Lab      | Killed a minotaur
 15335 | Lab      | Reached skill level 14 in Unarmed Combat
 15662 | Lair:3   | Found an iron altar of Okawaru.
 15826 | Lair:3   | Found a staircase to the Shoals.
 16219 | Lair:4   | Noticed Nergalle
 16239 | Lair:4   | Killed Nergalle
 16239 | Lair:4   | Reached skill level 5 in Dodging
 16239 | Lair:4   | Gained mutation: You have hooves in place of feet. [demonic ancestry]
 16239 | Lair:4   | Reached XP level 13. HP: 84/106 MP: 13/13
 18066 | Lair:6   | Entered Level 6 of the Lair of Beasts
 18268 | Lair:6   | Noticed Rupert
 18297 | Lair:6   | Killed Rupert
 18297 | Lair:6   | Reached skill level 15 in Unarmed Combat
 18624 | Lair:6   | Reached skill level 10 in Armour
 18771 | Lair:6   | Found a staircase to the Slime Pits.
 18771 | Lair:6   | Found a viscous altar of Jiyva.
 19406 | Lair:6   | Noticed a dire elephant
 19420 | Lair:6   | Killed a dire elephant
 19484 | Lair:6   | Noticed a dire elephant
 19484 | Lair:6   | Noticed a dire elephant
 19496 | Lair:6   | Noticed a dire elephant
 19496 | Lair:6   | Killed a dire elephant
 19496 | Lair:6   | Gained mutation: You have an unnaturally thin skeletal structure. (Dex +6, Stealth++) [demonic ancestry]
 19496 | Lair:6   | Reached XP level 14. HP: 54/116 MP: 14/14
 20041 | D:12     | Noticed Josephine
 20255 | D:12     | Killed Josephine
 20372 | D:12     | Noticed Snorg
 20436 | D:12     | Noticed Sonja
 20437 | D:12     | Found a white marble altar of Elyvilon.
 20443 | D:12     | Killed Sonja
 20751 | D:12     | Killed Snorg
 21249 | D:12     | Found a staircase to the Orcish Mines.
 21340 | Orc:1    | Entered Level 1 of the Orcish Mines
 21347 | Orc:1    | Found a roughly hewn altar of Beogh.
 21778 | Orc:2    | Entered Level 2 of the Orcish Mines
 22146 | Orc:1    | Found Vughicseobb's Book Shoppe.
 22417 | Orc:2    | Found Dazxew's Jewellery Shop.
 22435 | Orc:2    | Paralysed by an ogre mage for 7 turns
 22439 | Orc:2    | Slain by a two-headed ogre

Skill      XL: |  1  2  3  4  5  6  7  8  9 10 11 12 13 14 |
---------------+-------------------------------------------+-----
Unarmed Combat | 3 4 6 7 8 10 11 13 14 15 | 15.7
Fighting       | 4 5 6 7 8 9 10 11 12 | 12.7
Armour         | 2 4 6 8 9 10 | 10.5
Dodging        | 5 6 7 |  7.3
Stealth        | |  1.7

Action                   |  1- 3 |  4- 6 |  7- 9 | 10-12 | 13-15 || total
-------------------------+-------+-------+-------+-------+-------++-------
Melee: Unarmed           |    90 |   116 |   314 |   718 |   620 ||  1858
       Punch             |     2 |     2 |     7 |    56 |    74 ||   141
       Kick              |     5 |    29 |   105 |    94 |   301 ||   534
Invok: Lunge             |     5 |    13 |    29 |    40 |    35 ||   122
       Wall Jump         |       |    17 |    31 |    70 |    61 ||   179
       Whirlwind         |       |    19 |    56 |   167 |   112 ||   354
       Serpent's Lash    |       |     1 |       |    10 |     6 ||    17
       Heavenly Storm    |       |       |       |     1 |       ||     1
Evoke: Wand              |       |       |     2 |     3 |    13 ||    18
  Use: Scroll            |       |     9 |     6 |    10 |     4 ||    29
       Potion            |       |       |     1 |     4 |     1 ||     6
 Stab: Sleeping          |     6 |     4 |     4 |     4 |    12 ||    30
       Distracted        |     1 |       |       |     1 |     2 ||     4
  Eat: Chunk             |     1 |     6 |    15 |    15 |    21 ||    58
       Ration            |       |       |     1 |     3 |       ||     4
Armor: Robe              |    20 |     7 |    10 |       |       ||    37
       Chain mail        |       |       |    78 |   109 |       ||   187
       Skin              |       |       |       |     2 |       ||     2
       Ring mail         |       |       |       |    72 |   141 ||   213
Dodge: Dodged            |    52 |    49 |    64 |   217 |   269 ||   651
